 Dungeon Crawl Stone Soup version 0.23-a0-643-g9ccc95a (webtiles) character file.

94 Amnesiac the Ducker (level 4, -2/34 HPs)
             Began as a Spriggan Berserker on Dec 30, 2018.
             Was a Believer of Trog.
             Slain by a kobold
             ... wielding a +2 short sword of venom
              (5 damage)
             ... on level 3 of the Dungeon on Dec 31, 2018.
             The game lasted 00:02:54 (2679 turns).

Amnesiac the Ducker (Spriggan Berserker)            Turns: 2679, Time: 00:02:54

Health: -2/34      AC:  2    Str: 19    XL:     4   Next: 38%
Magic:  14/14      EV: 20    Int:  8    God:    Trog [**....]
Gold:   157        SH:  0    Dex: 15    Spells: 3/3 levels left

rFire    . . .     SeeInvis +   a - +0 falchion
rCold    . . .     Gourm    .   (shield restricted)
rNeg     + . .     Faith    +   b - +0 animal skin
rPois    .         Spirit   .   (helmet restricted)
rElec    .         Reflect  .   (no cloak)
rCorr    .         Harm     .   (gloves unavailable)
MR       .....                  (boots unavailable)
Stlth    ..........             n - amulet of faith
HPRegen  0.11/turn              j - ring of magical power
MPRegen  0.14/turn              l - ring of positive energy

@: berserking, lethally poisoned (-2 -> -11), very quick
A: very small, unfitting armour, see invisible, herbivore, speed 3, slow
metabolism 2
a: Berserk, Trog's Hand, Renounce Religion


You were on level 3 of the Dungeon.
You worshipped Trog.
Trog was pleased with you.
You were hungry.

You visited 1 branch of the dungeon, and saw 3 of its levels.

You collected 157 gold pieces.

Inventory:

Hand Weapons
 a - a +0 falchion (weapon)
Armour
 b - a +0 animal skin (worn)
Jewellery
 j - a ring of magical power (left hand)
 l - a ring of positive energy (right hand)
 n - an amulet of faith (around neck)
 p - a cursed ring of magical power
Scrolls
 f - 5 scrolls of identify {!r, unknown}
 i - a scroll of enchant armour {!r, unknown}
 k - a scroll of remove curse {!r, unknown}
 o - 3 scrolls of teleportation {!r, unknown}
Potions
 d - 2 potions of haste {!q, unknown}
 e - a potion of brilliance {!q, unknown}
 g - a potion of flight {!q, unknown}
 h - a potion of experience {!q, unknown}
 m - a potion of lignification {!q, unknown}
 q - a potion of berserk rage {!q}
Comestibles
 c - 7 rations


   Skills:
 + Level 2.9 Fighting
 * Level 3.5 Long Blades
 + Level 5.3 Dodging


You had 3 spell levels left.
You didn't know any spells.
Your spell library was empty.

Dungeon Overview and Level Annotations

Branches:
Dungeon (3/15)

Altars:
Ashenzari
Cheibriados
Elyvilon
Okawaru
Wu Jian
Yredelemnul


Innate Abilities, Weirdness & Mutations

You are very small and have problems with some larger weapons.
You are too small for most types of armour.
You have supernaturally acute eyesight. (SInv)
You are a herbivore.
You cover ground extremely quickly.
You need to consume almost no food.


Message History

A hobgoblin is nearby!
The hobgoblin hits you.
You hit the hobgoblin but do no damage. The hobgoblin completely misses you.
You hit the hobgoblin.
The hobgoblin is heavily wounded.
The hobgoblin misses you.
You hit the hobgoblin but do no damage.
The hobgoblin is moderately wounded.
The hobgoblin closely misses you.
You hit the hobgoblin but do no damage.
The hobgoblin is moderately wounded.
The hobgoblin misses you.
You riposte.
You closely miss the hobgoblin.
The hobgoblin is moderately wounded.
The hobgoblin closely misses you.
You hit the hobgoblin.
You kill the hobgoblin!
Trog accepts your kill.
No target in view!
No target in view!
A kobold comes into view.
It is wielding a +2 short sword of venom.
A kobold is nearby!
A kobold is nearby!
The kobold unwields a +2 short sword of venom.
It stops dripping with poison.
The kobold wields a +0 blowgun.
The kobold shoots a poisoned needle.
The poisoned needle barely misses you.
A kobold is nearby!
The kobold unwields a +0 blowgun.
The kobold wields a +2 short sword of venom.
It begins to drip with poison!
The kobold hits you with a +2 short sword of venom.
You are poisoned.
You hit the kobold.
The kobold is severely wounded.
You feel sick. The kobold closely misses you.
You closely miss the kobold.
The kobold is severely wounded.
You feel sick. The kobold completely misses you.
You barely miss the kobold.
The kobold is severely wounded.
The kobold closely misses you.
You closely miss the kobold.
The kobold is severely wounded.
You feel sick.
The kobold hits you with a +2 short sword of venom!
* * * LOW HITPOINT WARNING * * *
You hit the kobold but do no damage.
The kobold is severely wounded.
The kobold completely misses you.
You riposte.
You hit the kobold but do no damage.
The kobold is severely wounded.
You hit the kobold but do no damage.
The kobold is severely wounded.
* * * LOW HITPOINT WARNING * * *
You feel sick.
The kobold hits you with a +2 short sword of venom.
* * * LOW HITPOINT WARNING * * *
You are more poisoned.
A red film seems to cover your vision as you go berserk!
You feel yourself moving faster!
You feel mighty!
You are feeling hungry.
* * * LOW HITPOINT WARNING * * *
You feel sick.
The kobold hits you with a +2 short sword of venom.
You die...

####.#)# #.# #.#.#
#.# #.#.# #.#
#.#.############.#
#.#...)........#.#
#.#..#########.#.#
#.#.)##### ##.#.#
#........####....#
........###..K@.....#
#######.# ######...##
#.# ##.## #.# #.#
#.#########.#
#...........#
#############


You could see a kobold.

Vanquished Creatures
  3 adders
  3 dart slugs (D:3)
  A leopard gecko (D:2)
  5 orcs (D:3)
  7 bats
  3 giant cockroaches (D:1)
  4 goblins
  8 hobgoblins
  3 jackals (D:1)
  2 ball pythons (D:1)
  3 frilled lizards (D:1)
  6 kobolds
  5 rats
53 creatures vanquished.

Notes
Turn   | Place    | Note
-------+----------+-------------------------------------------
     0 | D:1      | Amnesiac the Spriggan Berserker began the quest for the
                  | Orb.
     0 | D:1      | Reached XP level 1. HP: 11/11 MP: 2/2
     0 | D:1      | Upgraded the game from 0.23-a0-642-g3120c2f to
                  | 0.23-a0-643-g9ccc95a
   110 | D:1      | Reached XP level 2. HP: 12/16 MP: 3/3
   531 | D:1      | Reached XP level 3. HP: 19/19 MP: 4/4
   575 | D:1      | Reached ** piety under Trog
  1052 | D:2      | Reached skill level 5 in Dodging
  1245 | D:2      | Found a shattered altar of Ashenzari.
  1770 | D:2      | Found an ornate altar of the Wu Jian Council.
  1770 | D:2      | Found an iron altar of Okawaru.
  2090 | D:3      | Reached XP level 4. HP: 21/23 MP: 5/5
  2250 | D:3      | Found a white marble altar of Elyvilon.
  2425 | D:3      | Found a snail-covered altar of Cheibriados.
  2460 | D:3      | Found a basalt altar of Yredelemnul.
  2679 | D:3      | Slain by a kobold

Vault maps used:
D:1:      dpeg_arrival_tiny_d
D:2:      nicolae_ashenzari_panopticon, gammafunk_temple_overflow_elements,
          columned_hall_lemuel, st_stairs_14
D:3:      kennysheep_ying_yang, kennysheep_slug_shrine

Skill      XL: |  1  2  3 |
---------------+----------+-----
Long Blades    | 3 |  3.5
Dodging        | 5 |  5.3
Fighting       | |  2.9

Action                   |  1- 3 |  4- 6 || total
-------------------------+-------+-------++-------
Melee: Falchion          |   116 |    43 ||   159
Invok: Berserk           |       |     1 ||     1
 Stab: Sleeping          |     3 |     1 ||     4
Armor: Animal skin       |     9 |       ||     9
Dodge: Dodged            |   118 |    34 ||   152
       Rpst.: Falchion   |    35 |    10 ||    45

Table legend:
 A = Non-vault XP
 B = Vault XP
 C = Vault XP percentage of total XP
 D = Non-vault monster count
 E = Vault monster count
 F = Vault count percentage of total count
                 A         B        C        D         E       F
            +---------+---------+-------+---------+---------+-------
      Total |     115 |      20 |  14.8 |      50 |       3 |   5.7
            +---------+---------+-------+---------+---------+-------
        D:1 |      46 |       0 |   0.0 |      29 |       0 |   0.0
        D:2 |      19 |      16 |  45.7 |       4 |       2 |  33.3
        D:3 |      50 |       4 |   7.4 |      17 |       1 |   5.6
            +---------+---------+-------+---------+---------+-------
